 Dungeon Crawl Stone Soup version 0.30-a0-802-gb92711bcdf (webtiles) character file.

Game seed: 11712948389201764130

20 Strat the Poker (level 2, 20/22 HPs)
             Began as a Merfolk Reaver on Feb 24, 2023.
             Quit the game on level 2 of the Dungeon.
             The game lasted 00:01:35 (738 turns).

Strat the Poker (Merfolk Reaver)                     Turns: 738, Time: 00:01:36

Health: 20/22      AC:  3    Str: 12    XL:     2   Next: 79%
Magic:  5/5        EV: 12    Int: 12    God:
Gold:   79         SH:  0    Dex: 12    Spells: 2/5 levels left

rFire   . . .      SeeInvis .    a - +0 spear
rCold   . . .      Faith    .    (no shield)
rNeg    . . .      Spirit   .    b - +0 leather armour
rPois   .          Reflect  .    (no helmet)
rElec   .          Harm     .    (no cloak)
rCorr   .          Rampage  .    (no gloves)
Will    .....                    (no boots)
Stlth   +                        (no amulet)
HPRegen 0.23/turn                (no ring)
MPRegen 0.09/turn                (no ring)

@: no status effects
A: (nimble swimmer 2), mertail
a: no special abilities


You were on level 2 of the Dungeon.
You visited 1 branch of the dungeon, and saw 2 of its levels.

You collected 79 gold pieces.

Inventory:

Hand Weapons
 a - a +0 spear (weapon)
Armour
 b - a +0 leather armour (worn)
Scrolls
 c - a scroll of amnesia {unknown}
 d - a scroll of vulnerability {unknown}
 e - a scroll of teleportation {unknown}
Potions
 f - a potion of degeneration {unknown}
 g - a potion of lignification {unknown}
 h - a potion of flight {unknown}


   Skills:
 - Level 2.1 Fighting
 + Level 5.3 Polearms
 - Level 2.6 Dodging
 - Level 2.0 Spellcasting
 - Level 2.4 Conjurations


You had 2 spell levels left.
You knew the following spells:

 Your Spells              Type           Power      Damage    Failure   Level
a - Kiss of Death         Conj/Necr      16%        2d6       22%         1
b - Momentum Strike       Conj/Tloc      8%         3d8       32%         2

Your spell library contained the following spells:

 Spells                   Type           Power      Damage    Failure   Level
 Hailstorm                Conj/Ice       4%         3d4       54%         3
 Summon Guardian Golem    Hex/Summ       1%         N/A       71%         3
 Lightning Bolt           Conj/Air       2%         1d13      99%         5
 Silence                  Hex/Air        0%         N/A       100%        5
 Summon Mana Viper        Hex/Summ       1%         N/A       100%        5


Dungeon Overview and Level Annotations

Branches:
Dungeon (2/15)

Altars:


Innate Abilities, Weirdness & Mutations

((You are very nimble when in or above water. (Stealth+, EV+, Speed+++)))
Your lower body shifts to a powerful aquatic tail in water.


Message History

The orc shouts!
Found a ring mail.
You hit the orc.
The orc is heavily wounded.
The orc misses you.
You closely miss the orc.
The orc is heavily wounded.
The orc hits you with a +0 flail.
You barely miss the orc.
The orc is heavily wounded.
The orc barely misses you.
You hit the orc.
The orc is heavily wounded.
The orc hits you with a +0 flail.
* * * LOW HITPOINT WARNING * * *
You are too injured to fight recklessly!
You are too injured to fight recklessly!
You hit the orc.
You kill the orc!
Things that are here:
a +0 flail; an orc corpse A hobgoblin comes into view.
A hobgoblin is nearby!
Found a stone staircase leading up.
You reach to attack!
You hit the hobgoblin but do no damage. You barely miss the hobgoblin.
You hit the hobgoblin.
The hobgoblin is moderately wounded.
The hobgoblin hits you.
You closely miss the hobgoblin.
The hobgoblin is moderately wounded.
The hobgoblin hits you but does no damage.
You hit the hobgoblin.
You kill the hobgoblin!
No target in view!
No target in view!
Saving game... please wait.
Welcome back, Strat the Merfolk Reaver.
Press ? for a list of commands and other information.
Are you sure you want to abandon this character and quit the game? (Confirm with "yes".)

### #####.#
#.....######
#.###......# #.#
#..###.###
##########.#
#..###[...
#.....@....# #.....#
#....#########)....#
...........>.....####
##.. .#.....###.# <..
#.##...†..# ..
##..##..# . #<..#
....# ##.###.####
...# ..


There were no monsters in sight!

Vanquished Creatures
  An orc (D:2)
  An endoplasm (D:1)
  2 giant cockroaches (D:1)
  3 hobgoblins
  2 jackals (D:1)
  2 quokkas (D:1)
  A ball python (D:2)
  2 bats (D:1)
  2 rats (D:1)
16 creatures vanquished.

Notes
Turn   | Place    | Note
-------+----------+-------------------------------------------
     0 | D:1      | Strat the Merfolk Reaver began the quest for the Orb.
     0 | D:1      | Reached XP level 1. HP: 16/16 MP: 3/3
   109 | D:1      | Reached XP level 2. HP: 19/22 MP: 5/5
   152 | D:1      | Learned a level 2 spell: Momentum Strike
   227 | D:1      | Reached skill level 5 in Polearms
   232 | D:1      | Got the Secrets of Voltaic Summoning
   738 | D:2      | Quit the game

Illustrated notes

Levels and vault maps discovered:
D:1:      sevenhm_arrival_forest_fort_small_5, layout_basic, moated_statue
D:2:      layout_basic

Skill      XL: |  1  2 |
---------------+-------+-----
Polearms       | 5 |  5.3
Fighting       | |  2.1
Dodging        | |  2.6
Spellcasting   | |  2.0
Conjurations   | |  2.4

Action                     || total
---------------------------++-------
  Melee: Spear             ||    71
 Armour: Leather armour    ||    10
  Dodge: Dodged            ||    38

Table legend: (Time is in decaauts)
 A = Elapsed time spent in this place.
 B = Non-inter-level travel time spent in this place.
 C = Inter-level travel time spent in this place.
 D = Time resting spent in this place.
 E = Time spent auto-exploring this place.
 F = Levels seen in this place.
 G = Mean time per level.
                   A        B        C        D        E       F      G
               +--------+--------+--------+--------+--------+-----+--------+
         Total |    723 |    710 |     13 |      0 |    568 |   2 |  361.5 |
       Dungeon |    723 |    710 |     13 |      0 |    568 |   2 |  361.5 |
               +--------+--------+--------+--------+--------+-----+--------+

Top non-repeatable levels by time:
     D:1: 653 daAuts
     D:2: 70 daAuts
